 Dungeon Crawl Stone Soup version 0.30-a0-772-g5528072125 (webtiles) character file.

Game seed: 17545358260441951211

142 cowhearter the Insei (level 5, 0/36 HPs)
             Began as an Octopode Monk on Feb 13, 2023.
             Slain by Pargi (1 damage)
             ... on level 3 of the Dungeon.
             The game lasted 00:04:23 (1696 turns).

cowhearter the Insei (Octopode Monk)                Turns: 1696, Time: 00:04:24

Health: 0/36       AC:  1    Str: 11    XL:     5   Next: 24%
Magic:  5/5        EV: 14    Int: 12    God:
Gold:   148        SH:  0    Dex: 16    Spells: 4/4 levels left

rFire   . . .      SeeInvis .    c - +5 dagger
rCold   . . .      Faith    .    (no shield)
rNeg    . . .      Spirit   .    (helmet restricted)
rPois   .          Reflect  .    g - amulet of the acrobat
rElec   .          Harm     .    (no ring)
rCorr   .          Rampage  .    (no ring)
Will    .....                    (no ring)
Stlth   ++++                     (no ring)
HPRegen 0.26/turn                (no ring)
MPRegen 0.09/turn                (no ring)
                                 (no ring)
                                 (no ring)

@: no status effects
A: almost no armour, amphibious, 8 rings, camouflage 1, gelatinous body 1,
(nimble swimmer 1), tentacles
a: no special abilities


You were on level 3 of the Dungeon.
You visited 1 branch of the dungeon, and saw 3 of its levels.

You collected 148 gold pieces.

Inventory:

Hand Weapons
 c - a +5 dagger (weapon)
 p - a +1 short sword of holy wrath
 q - a +0 dagger of protection
Missiles
 j - 8 poisoned darts (quivered)
Jewellery
 g - an amulet of the acrobat (around mantle)
Scrolls
 b - a scroll of vulnerability {unknown}
 d - 3 scrolls of blinking {unknown}
 h - a scroll of teleportation {unknown}
 i - a scroll of magic mapping {unknown}
 k - a scroll of butterflies {unknown}
 l - a scroll of enchant armour {unknown}
 m - 2 scrolls of identify {unknown}
Potions
 a - a potion of ambrosia
 e - 5 potions of curing {unknown}
 f - a potion of berserk rage {unknown}
 n - a potion of flight {unknown}
 o - 3 potions of cancellation {unknown}


   Skills:
 + Level 3.3 Fighting
 + Level 1.0 Short Blades
 + Level 3.5 Dodging
 + Level 4.0 Stealth
 * Level 4.4 Unarmed Combat


You had 4 spell levels left.
You didn't know any spells.
Your spell library contained the following spells:

 Spells                   Type           Power      Damage    Failure   Level
 Blink                    Tloc           0%         N/A       45%         2
 Lesser Beckoning         Tloc           0%         N/A       45%         2
 Momentum Strike          Conj/Tloc      0%         3d8       45%         2
 Yara's Violent Unravell  Hex/Tmut       0%         3d3       100%        5
 Enfeeble                 Hex            0%         N/A       100%        7


Dungeon Overview and Level Annotations

Branches:
Dungeon (3/15)

Altars:
Kikubaaqudgha

Annotations:
D:3 Pargi, Sigmund


Innate Abilities, Weirdness & Mutations

You cannot wear most types of armour.
You are amphibious.
You can wear up to eight rings at the same time.
Your skin changes colour to match your surroundings (Stealth+).
Your rubbery body absorbs attacks. (AC +1, EV +1)
((You are camouflaged when in or above water. (Stealth+)))
You have tentacles for arms and can constrict up to eight enemies at once.


Message History

j - 8 poisoned darts (gained 6) Pargi the Meek comes into view.
Found a ring mail.
Found an ancient bone altar of Kikubaaqudgha.
Pargi is nearby!
Sigmund the Dreaded comes into view.
He is wielding a +0 scythe.
The helpless Pargi fails to defend himself.
You impale Pargi!!
Pargi is severely wounded.
Pargi bites you. Pargi claws you. x2
You hit Pargi.
Pargi is almost dead.
Pargi closely misses you. Pargi misses you. Pargi claws you.
Sigmund hits you from afar with a +0 scythe.
You barely miss Pargi. Your squeeze misses Pargi.
Pargi is severely wounded.
Pargi bites you. Pargi closely misses you. x2
You barely miss Pargi.
Pargi is severely wounded.
Sigmund misses you. Pargi barely misses you. Pargi claws you.
Pargi closely misses you.
You barely miss Pargi.
Pargi is severely wounded.
Pargi misses you. Pargi barely misses you. Pargi claws you.
Sigmund hits you from afar with a +0 scythe!
* * * LOW HITPOINT WARNING * * *
You closely miss Pargi.
Pargi is severely wounded.
Pargi clenches his claws.
Pargi barely misses you. Pargi closely misses you. Pargi claws you.
* * * LOW HITPOINT WARNING * * *
You hit Pargi.
Pargi is severely wounded.
Sigmund barely misses you.
You closely miss Pargi.
Pargi is severely wounded.
Pargi bites you.
* * * LOW HITPOINT WARNING * * *
Pargi claws you.
You die...

#. #.# .§≈
.≈.#.####
≈.§§≈§[#....#
≈._.§≈.#.##.#
≈§..≈§.#.##.#
.≈≈≈.≈.#.##.###.#.#
.....≈.#....@T@...#
≈≈§≈≈..#.##.###.###
########.......#
#..........###.#
##...####..# .#
##.## #..# # #.#
#...$ ######.#
#.#### .....>.# #.#


You could see Pargi and Sigmund.

Vanquished Creatures
  An orc wizard (D:3)
  Robin (D:3)
  3 adders
  A worm (D:3)
  A dart slug (D:3)
  4 orcs (D:3)
  5 bats
  3 endoplasms
  5 giant cockroaches
  8 hobgoblins
  A quokka (D:2)
  3 ball pythons
  14 goblins
  8 kobolds
  8 rats
66 creatures vanquished.

Vanquished Creatures (others)
  A plant (D:1)
1 creature vanquished.

Grand Total: 67 creatures vanquished

Notes
Turn   | Place    | Note
-------+----------+-------------------------------------------
     0 | D:1      | cowhearter the Octopode Monk began the quest for the Orb.
     0 | D:1      | Reached XP level 1. HP: 16/16 MP: 1/1
   119 | D:1      | Reached XP level 2. HP: 21/21 MP: 2/2
   354 | D:1      | Reached XP level 3. HP: 26/26 MP: 3/3
   814 | D:2      | Identified the +1 pair of boots of Bequeathed Birdsong
                  | {-Tele Str+2 Dex+6}
  1116 | D:2      | Reached XP level 4. HP: 27/31 MP: 4/4
  1317 | D:3      | Reached XP level 5. HP: 35/36 MP: 5/5
  1321 | D:3      | Noticed Robin
  1333 | D:3      | Killed Robin
  1334 | D:3      | Reached skill level 1 in Short Blades
  1681 | D:3      | Found an ancient bone altar of Kikubaaqudgha.
  1681 | D:3      | Noticed Pargi
  1684 | D:3      | Noticed Sigmund
  1696 | D:3      | HP: 1/36 [Pargi (2)]
  1696 | D:3      | Slain by Pargi

Illustrated notes

Levels and vault maps discovered:
D:1:      eino_arrival_druids_welcome, layout_rooms
D:2:      layout_loops_ring
D:3:      layout_loops_ring, mainiacjoe_overflow_paths, uniq_pargi,
          uniq_sigmund, uniq_robin

Skill      XL: |  1  2  3  4  5 |
---------------+----------------+-----
Stealth        | 3 4 |  4.0
Unarmed Combat | 4 |  4.4
Short Blades   | 1 |  1.0
Fighting       | |  3.3
Dodging        | |  3.5

Action                     |  1- 3 |  4- 6 || total
---------------------------+-------+-------++-------
  Melee: Unarmed           |    11 |       ||    11
         Dagger            |    44 |    59 ||   103
         Constrict         |    13 |    15 ||    28
         Tentacles         |     8 |    12 ||    20
         Punch             |     3 |     2 ||     5
  Throw: Dart              |     1 |       ||     1
   Stab: Sleeping          |    12 |     5 ||    17
         Distracted        |       |     1 ||     1
 Armour: Skin              |     4 |     2 ||     6
  Dodge: Dodged            |    32 |    39 ||    71

Table legend: (Time is in decaauts)
 A = Elapsed time spent in this place.
 B = Non-inter-level travel time spent in this place.
 C = Inter-level travel time spent in this place.
 D = Time resting spent in this place.
 E = Time spent auto-exploring this place.
 F = Levels seen in this place.
 G = Mean time per level.
                   A        B        C        D        E       F      G
               +--------+--------+--------+--------+--------+-----+--------+
         Total |   1692 |   1634 |     58 |    101 |   1096 |   3 |  564.0 |
       Dungeon |   1692 |   1634 |     58 |    101 |   1096 |   3 |  564.0 |
               +--------+--------+--------+--------+--------+-----+--------+

Top non-repeatable levels by time:
     D:2: 644 daAuts
     D:1: 610 daAuts
     D:3: 437 daAuts
